 Dungeon Crawl Stone Soup version 0.13-a0-3016-gcb2faac (webtiles) character file.

89 PolkaDot the Stinger (level 3, -2/24 HPs)
             Began as a Vampire Venom Mage on Sept 12, 2013.
             Slain by an adder (5 damage)
             ... on Level 2 of the Dungeon.
             The game lasted 00:06:49 (1802 turns).

PolkaDot the Stinger (Vampire Venom Mage)           Turns: 1802, Time: 00:06:49

HP  -2/24        AC  2     Str  7      XL: 3   Next: 71%
MP   1/7         EV 12     Int 18      God:
Gold 33          SH  0     Dex 14      Spells:  1 memorised,  4 levels left

Res.Fire  : . . .   See Invis. : +   d - +1,+0 dagger
Res.Cold  : . . .   Warding    : .   a - +0 robe
Life Prot.: . . .   Conserve   : .   (no shield)
Res.Poison: .       Res.Corr.  : .   (no helmet)
Res.Elec. : .       Clarity    : .   (no cloak)
Sust.Abil.: . .     Spirit.Shd : .   (no gloves)
Res.Mut.  : .       Stasis     : .   (no boots)
Res.Rott. : .       Flight     : .   (no amulet)
Saprovore : . . .                    (no ring)
                                     (no ring)

@: regenerating quickly, very slightly contaminated, slightly resistant to
hostile enchantments, stealthy
A: fangs 3, see invisible, unbreathing
a: no special abilities


You were on level 2 of the Dungeon.
You were very full.

You visited 1 branch of the dungeon, and saw 3 of its levels.

You collected 13 gold pieces.

Inventory:

Hand weapons
 d - a +1,+0 dagger (weapon)
Armour
 a - a +0 robe (worn)
Scrolls
 c - a scroll of enchant weapon II {unknown}
 e - 2 scrolls of recharging {unknown}
 i - 2 scrolls of teleportation {unknown}
 j - 3 scrolls of identify {unknown}
 k - a scroll of magic mapping {unknown}
 l - 3 scrolls of remove curse
 m - a scroll of curse weapon {unknown}
Potions
 f - a potion of porridge {unknown}
 g - a potion of flight {unknown}
 h - a potion of might {unknown}
 n - a potion of restore abilities {unknown}
Books
 b - a Young Poisoner's Handbook

   Spells                             Type                      Level
   *Sting                             Conjuration/Poison           1
   Cure Poison                        Poison                       2
   Mephitic Cloud                     Conjuration/Poison/Air       3
   Olgreb's Toxic Radiance            Poison                       4
   Venom Bolt                         Conjuration/Poison           5


   Skills:
 - Level 2.1 Dodging
 - Level 3.3 Stealth
 + Level 1.9 Spellcasting
 * Level 4.4 Poison Magic


You had 4 spell levels left.
You knew the following spells:

 Your Spells              Type           Power        Failure   Level  Hunger
a - Sting                 Conj/Pois      #...         10%         1    #......


Dungeon Overview and Level Annotations

Branches:
Dungeon (3/27)

Altars:


Innate Abilities, Weirdness & Mutations

Your natural rate of healing is unusually fast.
You have razor-sharp teeth.*
You have supernaturally acute eyesight.
You can survive without breathing.*


Message History

The adder barely misses you.
You miss the adder.
The adder is moderately wounded.
The adder barely misses you. The adder bites you.
* * * LOW HITPOINT WARNING * * *
You miss the adder.
The adder is moderately wounded.
The adder bites you.
* * * LOW HITPOINT WARNING * * *
You hit the adder but do no damage.
The adder is moderately wounded.
The adder barely misses you.
You hit the adder but do no damage.
The adder is moderately wounded.
The adder bites you.
* * * LOW HITPOINT WARNING * * *
You completely miss the adder.
The adder is moderately wounded.
The adder closely misses you. The adder bites you.
You die...

..# #.# ##.. #.#
..# #.# #)# #.#
#.# #.# #######
#.# #.# ......#
#.# #.# .####.#
#S# #.# ......#
#@# #.# #####.##
#.# #.#
####...###### #.#
#.# ............#
#.# #.#
####...####.####.#
#.#
#####.#.....)....#
#.#
..###.#.###.######
#.# #.#.....###.#
##.##
#.........#.#
##...##


You could see an adder.

Vanquished Creatures
  3 giant geckos
  2 oozes
  A ball python (D:2)
  8 bats
  4 goblins
  6 hobgoblins
  10 jackals
  5 kobolds
  A quokka (D:2)
  3 giant cockroaches
  2 giant newts (D:2)
  3 rats
48 creatures vanquished.

Notes
Turn   | Place    | Note
--------------------------------------------------------------
     0 | D:1      | PolkaDot, the Vampire Venom Mage, began the quest for the Orb.
     0 | D:1      | Reached XP level 1. HP: 13/13 MP: 4/4
   264 | D:1      | Reached XP level 2. HP: 17/19 MP: 3/5
   772 | D:1      | Reached skill level 4 in Poison Magic
   922 | D:3      | Reached XP level 3. HP: 13/24 MP: 5/7
  1802 | D:2      | Slain by an adder

Action                   || total
-------------------------++-------
Melee: Dagger            ||   109
       Unarmed           ||     2
 Cast: Sting             ||    61
  Use: Scroll            ||     3
       Potion            ||     1
 Stab: Sleeping          ||     4
